 Dungeon Crawl Stone Soup version 0.29.1-2-gbd0b4ee654 (webtiles) character file.

Game seed: 7387282219291113259

191 LustLizard the Firebug (level 5, -3/41 HPs)
             Began as a Hill Orc Fire Elementalist on Nov 7, 2022.
             Slain by an iguana (12 damage)
             ... on level 4 of the Dungeon.
             The game lasted 00:05:02 (3741 turns).

LustLizard the Firebug (Hill Orc Fire Elementalist) Turns: 3741, Time: 00:05:03

Health: -3/41      AC:  2    Str: 13    XL:     5   Next: 70%
Magic:  1/8        EV: 12    Int: 15    God:
Gold:   125        SH:  0    Dex: 11    Spells: 2/8 levels left

rFire   + . .      SeeInvis .   h - +0 hand axe
rCold   x . .      Faith    .   (no shield)
rNeg    . . .      Spirit   .   a - +0 robe
rPois   .          Reflect  .   (no helmet)
rElec   .          Harm     .   (no cloak)
rCorr   .          Rampage  .   (no gloves)
Will    .....                   (no boots)
Stlth   ++........              (no amulet)
HPRegen 0.13/turn               n - ring of fire
MPRegen 0.11/turn               (no ring)

@: no status effects
A: no striking features
a: no special abilities


You were on level 4 of the Dungeon.
You visited 1 branch of the dungeon, and saw 4 of its levels.

You collected 125 gold pieces.

Inventory:

Hand Weapons
 e - a +0 dagger
 h - a +0 hand axe (weapon)
Armour
 a - a +0 robe (worn)
 g - a +1 chain mail of poison resistance
Jewellery
 n - a ring of fire (left hand)
Scrolls
 d - 5 scrolls of identify {unknown}
 f - a scroll of amnesia {unknown}
 l - 2 scrolls of butterflies {unknown}
 m - a scroll of fear {unknown}
 p - a scroll of enchant armour {unknown}
 q - a scroll of enchant weapon {unknown}
Potions
 b - a potion of magic
 c - 2 potions of haste {unknown}
 i - a potion of degeneration {unknown}
 j - 2 potions of invisibility {unknown}
 k - 2 potions of might {unknown}
 o - 2 potions of flight {unknown}
 r - a potion of curing
 s - a potion of berserk rage {unknown}


   Skills:
 + Level 1.8 Fighting
 * Level 1.8 Axes
 - Level 1.5 Dodging
 + Level 2.2 Stealth
 + Level 2.1 Spellcasting
 * Level 2.7 Conjurations
 * Level 4.5 Fire Magic


You had 2 spell levels left.
You knew the following spells:

 Your Spells              Type           Power      Damage    Failure   Level
a - Foxfire               Conj/Fire      72%        2x1d7     4%          1
b - Scorch                Fire           44%        2d7       5%          2
c - Inner Flame           Hex/Fire       12%        N/A       26%         3

Your spell library contained the following spells:

 Spells                   Type           Power      Damage    Failure   Level
 Sandblast                Erth           2%         2d4       22%         1
 Passwall                 Tmut/Erth      0%         N/A       32%         2
 Conjure Flame            Conj/Fire      18%        6-21      16%         3
 Stone Arrow              Conj/Erth      10%        3d7       36%         3
 Flame Wave               Conj/Fire      18%        2d7       45%         4
 Ozocubu's Armour         Ice            1%         N/A       54%         3
 Metabolic Englaciation   Hex/Ice        0%         N/A       99%         5
 Simulacrum               Ice/Necr       0%         N/A       100%        6
 Ozocubu's Refrigeration  Ice            0%         4d7       100%        7


Dungeon Overview and Level Annotations

Branches:
Dungeon (4/15)
 Temple: D:4-7

Altars:
Ashenzari
Kikubaaqudgha
Xom

Shops:
D:2 !   D:3 [((


Message History

You feel a surge of power!
Flames lash the adder.
The adder is burned terribly!
You kill the adder!
Casting: Scorch (safe; 5% risk of failure)
Confirm with . or Enter, or press ? or * to list all spells.
You don't have enough magic to cast this spell.
Casting: Scorch (safe; 5% risk of failure)
Confirm with . or Enter, or press ? or * to list all spells.
You don't have enough magic to cast this spell.
Casting: Scorch (safe; 5% risk of failure)
Confirm with . or Enter, or press ? or * to list all spells.
You don't have enough magic to cast this spell.
Casting: Scorch (safe; 5% risk of failure)
Confirm with . or Enter, or press ? or * to list all spells.
Okay, then.
You barely miss the iguana.
The iguana is moderately wounded.
The iguana bites you.
You completely miss the iguana.
The iguana is moderately wounded.
The iguana is no longer more vulnerable to fire.
The iguana misses you.
You hit the iguana but do no damage.
The iguana is moderately wounded.
The iguana bites you!
You hit the iguana but do no damage.
The iguana is moderately wounded.
The iguana bites you!
You barely miss the iguana.
The iguana is moderately wounded.
The iguana bites you!
* * * LOW HITPOINT WARNING * * *
The iguana bites you.
* * * LOW HITPOINT WARNING * * *
Casting: Scorch (safe; 5% risk of failure)
Confirm with . or Enter, or press ? or * to list all spells.
You don't have enough magic to cast this spell.
The iguana attacks as you move away! The iguana barely misses you.
The iguana attacks as you move away! The iguana misses you.
The iguana attacks as you move away! The iguana bites you!
You die...

....8$... #.# ⌠.....⌠
#### #.#### .....
##..####..... ...
###...'........ #)#
#.....######### ##.#
####### #..#
##.##################
#..l@......†.........
#.#####..............
#.#.......#########..
#.#.#...#.# ##..
#.#.#..<#.# #...
#.#.#.#.#.# #..#
#.#.#...#.# ##..#
#.#.#####.# ###...#
#.# #.#####...#.#


You could see an iguana.

Vanquished Creatures
  An ogre (D:4)
  6 adders
  A worm (D:3)
  3 dart slugs (D:1)
  2 bats
  5 endoplasms
  4 giant cockroaches
  3 goblins
  4 hobgoblins
  2 quokkas
  4 ball pythons
  3 frilled lizards
  5 kobolds
  4 rats
47 creatures vanquished.

Vanquished Creatures (others)
  42 foxfires
42 creatures vanquished.

Grand Total: 89 creatures vanquished

Notes
Turn   | Place    | Note
-------+----------+-------------------------------------------
     0 | D:1      | LustLizard the Hill Orc Fire Elementalist began the quest
                  | for the Orb.
     0 | D:1      | Reached XP level 1. HP: 14/14 MP: 3/3
   187 | D:1      | Reached XP level 2. HP: 7/22 MP: 0/4
   409 | D:1      | Learned a level 2 spell: Scorch
  1047 | D:1      | Reached XP level 3. HP: 26/27 MP: 1/5
  1093 | D:1      | Found a faded altar of an unknown god.
  1449 | D:2      | Reached skill level 1 in Fighting
  2055 | D:2      | Reached skill level 4 in Fire Magic
  2243 | D:2      | Found Xutaeguu's Distillery.
  2252 | D:2      | Reached XP level 4. HP: 26/35 MP: 0/6
  2411 | D:3      | Found Zuenoicke's Armour Shop.
  2632 | D:3      | Learned a level 3 spell: Inner Flame
  2690 | D:3      | Found Amoriss's Weapon Boutique.
  2981 | D:3      | Found Utecunn's Antique Weapon Boutique.
  3015 | D:3      | Found an ancient bone altar of Kikubaaqudgha.
  3179 | D:3      | You fall into a shaft and drop 1 floor!
  3329 | D:4      | Noticed an ogre
  3346 | D:4      | Killed an ogre
  3347 | D:4      | Reached skill level 1 in Axes
  3347 | D:4      | Reached XP level 5. HP: 17/41 MP: 1/8
  3727 | D:4      | Found a shimmering altar of Xom.
  3727 | D:4      | Found a broken altar of Ashenzari.
  3741 | D:4      | Slain by an iguana

Illustrated notes

Levels and vault maps discovered:
D:1:      dpeg_arrival_more_subterranean_lakeside_camping, layout_rooms,
          chequers_ecumenical_altar_island, corexii_hall_statues_x,
          dk_noncrumbling_3, hex_tiny
D:2:      layout_loops_corners, serial_shops, nicolae_shop_trees
D:3:      minmay_angry_zag, layout_loops_ring, nicolae_overflow_crystal_walls,
          minitemple, serial_shops, nicolae_shop_trees, shop,
          nicolae_shop_behind_doors
D:4:      layout_basic, gammafunk_temple_overflow_pools

Skill      XL: |  1  2  3  4 |
---------------+-------------+-----
Fighting       | 1 |  1.8
Stealth        | 2 |  2.2
Fire Magic     | 4 |  4.5
Conjurations   | 2 |  2.7
Spellcasting   | 2 |  2.1
Axes           | 1 |  1.8
Dodging        | |  1.5

Action                   |  1- 3 |  4- 6 || total
-------------------------+-------+-------++-------
Melee: Unarmed           |    10 |       ||    10
       Dagger            |     8 |       ||     8
       Hand axe          |    20 |    29 ||    49
       Punch             |     1 |       ||     1
 Cast: Foxfire           |    13 |    10 ||    23
       Scorch            |    28 |    14 ||    42
 Stab: Sleeping          |       |     1 ||     1
Armor: Robe              |     7 |     3 ||    10
Dodge: Dodged            |    28 |    22 ||    50
